AoeStats
← feue832223

Arabia

510504644Analyzed
1v1 RM · 1d ago on Oct 1, 2026· 30m 44s· 2 players
Game mode
Random Map
Map size
Tiny (2 player)
Population
200
Speed
Normal
Resources
Standard
Victory
Conquest
Starting age
Dark Age
Ending age
Imperial Age
RankedLock teamsTeams togetherTeam positionsShared explorationLock speedFull tech treeHidden civsTurbo modeCheats
Victory
Defeat
🇧🇷 Saxons · Brazil
1164
+15
🇹🇼 Danes · Taiwan
1148
-15
terry8863
6:40 Loom
9:28 Feudal Age
10:23 Double-Bit Axe
13:52 Fletching
21:48 Castle Age
20:21 Padded Archer Armor
20:49 Forging
21:17 Gold Mining
22:37 Scale Mail Armor
22:04 Elite Skirmisher
24:15 Wheelbarrow
24:38 Bodkin Arrow
26:24 Leather Archer Armor
26:32 Bow Saw
feue832223
6:25 Loom
8:57 Feudal Age
9:45 Double-Bit Axe
11:36 Horse Collar
15:00 Fletching
16:09 Padded Archer Armor
16:55 Wheelbarrow
21:07 Castle Age
20:13 Town Watch
20:41 Gold Mining
21:18 Crossbowman
21:54 Bodkin Arrow
22:13 Bow Saw
22:28 Leather Archer Armor
23:42 Gold Shaft Mining
24:29 Ballistics
24:35 Heavy Plow
25:37 Stone Mining
29:38 Hand Cart
Connection lost

Rejoining the realm…

Still unreachable

The connection could not be restored.

Session expired

The server has moved on; the page needs a fresh start.